Map: Honorgrounds LE

Players

MaNa

  • Race: Protoss Protoss
  • Spawn Location: 1:00

uThermal - Winner!

  • Race: Terran Terran
  • Spawn Location: 7:00

Event: IEM XI Katowice - World Championship 2017

VOD

Have the link to the VOD?

Description

Time

  • Played on: March 3, 2017, 11:55 a.m.
  • Length: 10:21

All games in this series

Show
View Real Time Build Order
Export as new Build Order

MaNa Protoss 

Build Orders: Oracle Opening, Phoenix Opening 

Get SALT Encoding   

  12  0:00  Probe (Chrono Boost)  
  13  0:11  Probe (Chrono Boost)  
  14  0:18  Pylon  
  14  0:22  Probe (Chrono Boost)  
  15  0:36  Probe (Chrono Boost)  
  15  0:37  Gateway  
  16  0:43  Assimilator  
  16  0:46  Probe (Chrono Boost)  
  17  0:53  Assimilator  
  18  0:57  Probe (Chrono Boost)  
  18  1:07  Probe (Chrono Boost)  
  19  1:18  Probe (Chrono Boost)  
  20  1:25  Cybernetics Core  
  20  1:29  Probe (Chrono Boost)  
  21  1:39  Probe (Chrono Boost)  
  22  1:45  Pylon  
  22  1:50  Probe (Chrono Boost)  
  23  2:03  Stargate  
  23  2:04  Mothership Core (Chrono Boost)  
  23  2:05  Adept  
  27  2:13  Warp Gate  
  27  2:23  Probe (Chrono Boost)  
  27  2:34  Probe (Chrono Boost)  
  27  2:36  Pylon  
  28  2:42  Oracle  
  31  2:57  Nexus  
  31  3:05  Probe (Chrono Boost)  
  32  3:15  Oracle  
  32  3:19  Probe (Chrono Boost)  
  36  3:30  Probe (Chrono Boost)  
  37  3:36  Pylon  
  37  3:41  Probe (Chrono Boost)  
  38  3:44  Gateway  
  38  3:45  Gateway  
  38  3:51  Probe (Chrono Boost)  
  39  3:56  Phoenix  
  41  4:06  Probe (Chrono Boost)  
  43  4:10  Probe (Chrono Boost)  
  43  4:16  Probe (Chrono Boost)  
  44  4:20  Probe (Chrono Boost)  
  44  4:22  Phoenix  
  47  4:27  Probe (Chrono Boost)  
  47  4:31  Probe (Chrono Boost)  
  49  4:37  Probe (Chrono Boost)  
  50  4:43  Nexus  
  50  4:46  Probe (Chrono Boost)  
  50  4:48  Probe (Chrono Boost)  
  52  4:54  Phoenix  
  52  4:57  Probe (Chrono Boost)  
  52  4:58  Probe (Chrono Boost)  
  56  5:07  Probe (Chrono Boost)  
  56  5:12  Twilight Council  
  57  5:14  Forge  
  57  5:19  Phoenix  
  59  5:22  Assimilator  
  59  5:23  Assimilator  
  59  5:24  Probe x2 (Chrono Boost)  
  61  5:34  Probe (Chrono Boost)  
  61  5:35  Pylon  
  62  5:37  Pylon  
  62  5:49  Pylon  
  62  5:53  Probe (Chrono Boost)  
  63  5:58  Phoenix  
  63  6:03  Gateway  
  65  6:06  Gateway  
  65  6:08  Gateway, Probe x2 (Chrono Boost)  
  67  6:12  Gateway  
  67  6:13  Adept  
  67  6:14  Adept  
  67  6:15  Probe (Chrono Boost)  
  73  6:18  Probe (Chrono Boost)  
  73  6:27  Probe x2 (Chrono Boost)  
  73  6:29  Adept, Probe (Chrono Boost)  
  80  6:37  Pylon  
  80  6:38  Pylon  
  76  7:00  Stargate x2  
  76  7:02  Adept x2  
  76  7:03  Adept  
  76  7:04  Probe x2 (Chrono Boost)  
  76  7:05  Probe (Chrono Boost)  
  85  7:10  Robotics Facility  
  85  7:12  Adept x3  
  91  7:17  Adept  
  91  7:20  Photon Cannon  
  91  7:21  Photon Cannon  
  93  7:30  Adept x3  
  93  7:35  Adept  
  93  7:36  Adept  
  103  7:50  Adept  
  101  8:01  Adept x2  
  101  8:04  Adept x3, Phoenix x2  
  109  8:16  Observer  
  78  8:48  Phoenix x2  
  78  8:51  Probe x2 (Chrono Boost)  
  84  8:57  Adept x4  
  84  8:58  Adept x3  
  98  9:04  Photon Cannon  
  99  9:10  Probe x2 (Chrono Boost)  
  99  9:13  Photon Cannon  
  98  9:17  Adept  
  76  9:33  Adept x4  
  80  9:41  Adept x3  
  78  9:55  Adept x2  
  78  9:56  Adept x2  
  82  10:07  Adept x2  
Show
View Real Time Build Order
Export as new Build Order

uThermal Terran - Winner!

Build Orders: Cyclone Opening, Reaper Expand, MMM Bio 

Get SALT Encoding   

  12  0:01  SCV  
  13  0:13  SCV  
  14  0:17  Supply Depot  
  14  0:26  SCV  
  15  0:29  Refinery  
  15  0:39  SCV  
  16  0:46  Barracks  
  16  0:51  SCV  
  17  1:03  SCV  
  18  1:15  SCV  
  19  1:33  Reaper, Orbital Command  
  20  1:47  Command Center  
  20  1:59  SCV  
  21  2:02  Factory  
  21  2:08  Barracks Reactor  
  21  2:11  SCV  
  22  2:23  SCV  
  22  2:29  Engineering Bay  
  23  2:30  Supply Depot  
  23  2:42  SCV  
  23  2:51  Marine x2, Cyclone  
  23  2:53  Bunker  
  23  2:57  Missile Turret  
  28  3:08  SCV, Orbital Command  
  28  3:14  Missile Turret  
  28  3:21  SCV  
  28  3:24  Refinery  
  29  3:31  Starport  
  29  3:33  SCV  
  30  3:36  SCV  
  30  3:38  Widow Mine  
  33  3:45  SCV  
  33  3:47  Marine x2  
  33  3:48  SCV  
  36  3:57  SCV  
  36  4:00  SCV  
  38  4:03  Supply Depot  
  38  4:08  Widow Mine, Viking  
  38  4:09  SCV  
  43  4:16  Marine x2  
  45  4:19  SCV  
  45  4:20  Barracks  
  46  4:24  SCV  
  46  4:29  Supply Depot  
  47  4:31  SCV  
  47  4:33  Marine x2  
  47  4:36  SCV  
  51  4:43  SCV  
  51  4:45  Factory Tech Lab  
  52  4:48  Supply Depot, SCV  
  52  4:51  Marine  
  54  4:56  Marine, SCV  
  56  5:00  SCV  
  57  5:08  SCV  
  57  5:13  SCV  
  59  5:14  Starport Tech Lab  
  59  5:15  Marine x2, Barracks  
  59  5:18  Factory Reactor  
  59  5:20  Terran Infantry Weapons Level 1, Stimpack, SCV, Marine  
  63  5:22  Supply Depot  
  63  5:25  SCV  
  64  5:30  Supply Depot  
  64  5:32  SCV  
  64  5:33  Marine  
  64  5:35  Marine  
  67  5:38  Marine, SCV  
  67  5:41  Refinery  
  69  5:44  Supply Depot, Starport Reactor, SCV  
  70  5:50  Marine, SCV  
  70  5:53  Marine  
  70  5:55  Widow Mine  
  70  5:56  Widow Mine, SCV  
  76  6:03  SCV  
  75  6:06  Marine  
  75  6:10  Marine x2, Combat Shields  
  78  6:13  SCV  
  76  6:21  Refinery, Command Center  
  76  6:22  SCV  
  76  6:24  Widow Mine x2, Medivac x2  
  76  6:25  Marine  
  86  6:26  SCV  
  86  6:30  Marine  
  86  6:32  Supply Depot  
  88  6:34  Marine, SCV  
  88  6:39  Marine  
  90  6:43  Marine  
  90  6:47  Supply Depot, Marine  
  90  6:51  Marine  
  89  6:56  Widow Mine x2  
  89  6:57  Marine  
  89  7:00  Marine  
  95  7:03  Medivac x2  
  95  7:05  Marine  
  95  7:06  Supply Depot  
  100  7:09  Marine  
  100  7:13  Barracks  
  100  7:14  Terran Infantry Armor Level 1, Barracks  
  100  7:15  Marine, SCV  
  103  7:17  Liberator  
  103  7:22  Liberator  
  103  7:23  Marine  
  103  7:24  Supply Depot  
  103  7:26  SCV  
  103  7:28  Marine  
  106  7:30  Missile Turret  
  109  7:41  Marine  
  109  7:42  Marine  
  114  7:45  Marine  
  114  7:46  Marine  
  116  7:57  Orbital Command  
  116  7:58  SCV x2  
  117  7:59  Marine  
  117  8:02  Barracks Tech Lab, Barracks Reactor  
  116  8:06  Liberator x2, Marine  
  116  8:07  Marine  
  116  8:10  SCV  
  116  8:11  Marine  
  120  8:17  Marine  
  119  8:24  Marine  
  119  8:25  Marine, Widow Mine  
  125  8:29  Marine  
  125  8:34  SCV x2  
  122  8:35  Marine, SCV  
  122  8:37  Marine  
  122  8:38  Widow Mine  
  125  8:42  Marine  
  125  8:46  SCV x2  
  116  8:48  Liberator  
  116  8:49  Marine x2  
  116  8:55  Marine  
  116  8:56  Marauder  
  116  8:59  SCV  
  116  9:00  Armory  
  116  9:01  Engineering Bay, SCV x2  
  116  9:02  Widow Mine  
  122  9:03  Refinery  
  122  9:07  Widow Mine  
  129  9:10  Marine  
  129  9:11  Marine, Marauder  
  131  9:18  Supply Depot  
  131  9:19  Marine, Supply Depot  
  131  9:21  Marine  
  120  9:32  Widow Mine  
  120  9:33  Marine x2  
  120  9:34  Marauder x2  
  120  9:35  Widow Mine  
  131  9:42  Medivac  
  133  9:48  Marine, Medivac  
  133  9:49  Marine  
  136  9:57  Marine  

Tags
 
Add a new tag
Caveats
  • Supply blocks, unpowered buildings, or Contaminate may cause inaccurate times.
  • Supply counts are checked every 10 seconds.